 Dungeon Crawl Stone Soup version 0.26-a0-812-g31a745ddcd (webtiles) character file.

Game seed: 13861877464243062857

145 mkm the Firebug (level 5, -7/38 HPs)
             Began as a Draconian Fire Elementalist on Dec 2, 2020.
             Mangled by Sigmund
             ... wielding a +0 scythe of protection
              (11 damage)
             ... on level 2 of the Dungeon.
             The game lasted 00:09:56 (2209 turns).

mkm the Firebug (Draconian Fire Elementalist)       Turns: 2209, Time: 00:09:57

Health: -7/38      AC:  6    Str: 11    XL:     5   Next: 6%
Magic:  1/9        EV: 12    Int: 16    God:
Gold:   65         SH:  0    Dex: 11    Spells: 9/10 levels left

rFire    . . .     SeeInvis .   e - +0 dagger
rCold    . . .     Faith    .   (no shield)
rNeg     . . .     Spirit   .   (armour unavailable)
rPois    .         Reflect  .   (helmet restricted)
rElec    .         Harm     .   g - +0 cloak
rCorr    .         Rampage  .   (no gloves)
MR       +....                  (no boots)
Stlth    ++........             (no amulet)
HPRegen  0.12/turn              c - ring of protection from magic
MPRegen  0.11/turn              (no ring)

@: no status effects
A: unfitting armour, cold-blooded, AC +5
a: no special abilities


You were on level 2 of the Dungeon.
You visited 1 branch of the dungeon, and saw 2 of its levels.

You collected 65 gold pieces.

Inventory:

Hand Weapons
 e - a +0 dagger (weapon)
Armour
 g - a +0 cloak (worn)
Jewellery
 c - a ring of protection from magic (left hand)
Scrolls
 b - 2 scrolls of teleportation
 d - 2 scrolls of identify
Potions
 a - a potion of cancellation
 f - a potion of lignification {unknown}


   Skills:
 + Level 0.2 Fighting
   Level 0.2 Maces & Flails
 + Level 2.3 Dodging
 + Level 2.0 Stealth
 + Level 0.1 Unarmed Combat
 + Level 3.0 Spellcasting
 + Level 2.1 Conjurations
 + Level 4.2 Fire Magic


You had 9 spell levels left.
You knew the following spells:

 Your Spells              Type           Power        Failure   Level
a - Foxfire               Conj/Fire      ##..         4%          1

Your spell library contained the following spells:

 Spells                   Type           Power        Failure   Level
 Conjure Flame            Conj/Fire      ##......     16%         3
 Inner Flame              Hex/Fire       #.......     24%         3
 Sticky Flame             Conj/Fire      ##......     45%         4
 Fireball                 Conj/Fire      ##........   80%         5


Dungeon Overview and Level Annotations

Branches:
Dungeon (2/15)

Altars:

Annotations:
D:2 Sigmund


Innate Abilities, Weirdness & Mutations

Your plain brown scales are hard. (AC +5)
You cannot fit into any form of body armour.
You are cold-blooded and may be slowed by cold attacks.


Message History

Sigmund is severely wounded.
Sigmund hits you with a +0 scythe of protection!
* * * LOW HITPOINT WARNING * * *
You hit Sigmund.
Sigmund is almost dead.
You hit Sigmund but do no damage.
Sigmund is almost dead.
Sigmund barely misses you.
You hit Sigmund but do no damage.
Sigmund is almost dead.
Sigmund barely misses you.
You hit Sigmund but do no damage.
Sigmund is almost dead.
You barely miss Sigmund.
Sigmund is almost dead.
Sigmund mumbles some strange words.
Sigmund flickers and vanishes!
Deactivating autopickup; reactivate with Ctrl-A.
You miss something.
Your tail-slap misses something.
Something hits you!
You die...

######## ###......#
......##.#########
###.#.##.. .....##
##.....#.#####.#..#
....#..#.......{..#
###.#.....#.##§#@.#
###........#..#...#
..........#†##.#..#
.####.....#.##.#..#
.# ###.#..#..#..##
.# ##...#.#.##.#.#
.###.............#
.##.......########
.##.......#


There were no monsters in sight!

Vanquished Creatures
  2 orc priests (D:1)
  2 adders (D:2)
  An ooze (D:1)
  2 dart slugs
  3 leopard geckos
  An orc (D:1)
  3 giant cockroaches
  6 goblins
  8 hobgoblins
  10 jackals
  4 bats
  A frilled lizard (D:2)
  3 kobolds
  5 rats
51 creatures vanquished.

Vanquished Creatures (others)
  200 foxfires
200 creatures vanquished.

Grand Total: 251 creatures vanquished

Notes
Turn   | Place    | Note
-------+----------+-------------------------------------------
     0 | D:1      | mkm the Draconian Fire Elementalist began the quest for the
                  | Orb.
     0 | D:1      | Reached XP level 1. HP: 14/14 MP: 3/3
   485 | D:1      | Reached XP level 2. HP: 20/20 MP: 1/5
  1084 | D:1      | Reached XP level 3. HP: 26/26 MP: 2/6
  1451 | D:1      | Reached XP level 4. HP: 25/33 MP: 1/7
  1540 | D:1      | Reached skill level 4 in Fire Magic
  1933 | D:2      | Reached XP level 5. HP: 38/38 MP: 3/9
  2171 | D:2      | Noticed Sigmund
  2209 | D:2      | Mangled by Sigmund

Illustrated notes

Levels and vault maps discovered:
D:1:      lemuel_arrival_rhombus, layout_basic
D:2:      layout_loops_cross, fedhas_altar_1, lemuel_zombie_altar_yredelemnul,
          minmay_small_reverse_x, uniq_sigmund

Skill      XL: |  1  2  3  4  5 |
---------------+----------------+-----
Dodging        | 2 |  2.3
Stealth        | 2 |  2.0
Fire Magic     | 4 |  4.2
Conjurations   | 2 |  2.1
Spellcasting   | 3 |  3.0
Fighting       | |  0.2
Maces & Flails | |  0.2
Unarmed Combat | |  0.1

Action                   |  1- 3 |  4- 6 || total
-------------------------+-------+-------++-------
Melee: Unarmed           |    10 |       ||    10
       Tailslap          |     1 |     3 ||     4
       Club              |     3 |       ||     3
       Mace              |       |    16 ||    16
       Dagger            |       |    23 ||    23
 Cast: Foxfire           |    62 |    59 ||   121
  Use: Potion            |     2 |     1 ||     3
       Scroll            |     3 |       ||     3
Armor: Skin              |    15 |    12 ||    27
Dodge: Dodged            |    29 |    39 ||    68

Table legend: (Time is in decaauts)
 A = Elapsed time spent in this place.
 B = Non-inter-level travel time spent in this place.
 C = Inter-level travel time spent in this place.
 D = Time resting spent in this place.
 E = Time spent auto-exploring this place.
 F = Levels seen in this place.
 G = Mean time per level.
                   A        B        C        D        E       F      G
               +--------+--------+--------+--------+--------+-----+--------+
         Total |   2217 |   2207 |     10 |    526 |   1048 |   2 | 1108.5 |
       Dungeon |   2217 |   2207 |     10 |    526 |   1048 |   2 | 1108.5 |
               +--------+--------+--------+--------+--------+-----+--------+

Top non-repeatable levels by time:
     D:1: 1613 daAuts
     D:2: 604 daAuts
